 Dungeon Sprint DCSS version 0.31.0-1-g2c135a0 (webtiles) character file.

Game seed: 9143752902703353205

1475 PurpleRed the Devastator (level 8, -15/49 HPs)
             Began as a Deep Elf Conjurer on Mar 3, 2024.
             Was a Follower of Sif Muna.
             Shot with an arrow by a centaur warrior (25 damage)
             ... in the Dungeon (Sprint I: "Red Sonja").
             The game lasted 00:11:10 (832 turns).

PurpleRed the Devastator (Deep Elf Conjurer)         Turns: 832, Time: 00:11:10

Health: -15/49     AC:  2    Str:  4    XL:     8   Next: 49%
Magic:  1/28       EV: 12    Int: 26    God:    Sif Muna [*.....]
Gold:   92         SH:  0    Dex: 13    Spells: 24/35 levels left

rFire   + . .        e - +0 club
rCold   + . .        (no shield)
rNeg    . . .        a - +0 robe
rPois   .            (no helmet)
rElec   .            j - scarf {rC+ rF+}
rCorr   .            (no gloves)
SInv    .            (no boots)
Will    .....        (no amulet)
Stlth   ++           (no ring)
HPRegen 0.28/turn    (no ring)
MPRegen 0.21/turn

%: no teleportation
@: no status effects
A: no striking features
a: Renounce Religion, Channel Magic


You were in the Dungeon.
You worshipped Sif Muna.
Sif Muna was aware of your devotion.
You visited 1 branch You collected 557 gold pieces.
You spent 465 gold pieces at shops.

Inventory:

Hand Weapons
 e - a +0 club (weapon)
Missiles
 h - 4 curare-tipped darts
Armour
 a - a +0 robe (worn)
 j - a scarf of resistance (worn)
Wands
 c - a wand of charming (7)
 k - a wand of roots (9)
Scrolls
 f - a scroll of butterflies
 g - 2 scrolls of blinking
 l - a scroll of amnesia {unknown}
Potions
 b - a potion of magic
 d - a potion of heal wounds
 i - a potion of might {unknown}


   Skills:
 + Level 5.0 Fighting
 - Level 2.4 Dodging
 - Level 2.4 Stealth
 - Level 0.3 Unarmed Combat
 + Level 14.0 Spellcasting
 + Level 15.6 Conjurations
 - Level 3.0 Translocations
 - Level 3.0 Alchemy
 + Level 0.0 Invocations


You had 24 spell levels left.
You knew the following spells:

 Your Spells              Type           Power      Damage    Failure   Level
a - Magic Dart            Conj           100%       1d8       0%          1
b - Searing Ray           Conj           100%       2d8       0%          2
c - Fulminant Prism       Conj/Alch      30%        3d15      1%          4
d - Iskenderun's Mystic   Conj/Tloc      61%        2d13      1%          4

Your spell library contained the following spells:

 Spells                   Type           Power      Damage    Failure   Level


Dungeon Overview and Level Annotations

Branches:
Dungeon (1/1)

Altars:
Cheibriados
Dithmenos
Elyvilon
Fedhas
Gozag
Hepliaklqana
Kikubaaqudgha
Nemelex Xobeh
Okawaru
Qazlal
Ru
Sif Muna
Trog
Uskayaw
Vehumet
Wu Jian
Yredelemnul
Zin
The Shining One

Shops:
D *?[


Message History

Something kicks your fulminant prism. Something hits your fulminant prism.
Something kicks your fulminant prism but does no damage.
Your fulminant prism crackles loudly.
Something hits your fulminant prism. Something kicks your fulminant prism.
Your fulminant prism explodes!
There is an open door here.
Casting: Fulminant Prism (dangerous; 1% risk of failure)
Confirm with . or Enter, or press ? or * to list all spells.
You erupt in a blast of force!
The mystic blast hits the centaur warrior!!
The centaur warrior is almost dead.
The centaur warrior is knocked back by the mystic blast.
You close the door.
You start resting.
A centaur warrior opens the door.
Casting: Iskenderun's Mystic Blast (dangerous; 1% risk of failure)
Confirm with . or Enter, or press ? or * to list all spells.
You erupt in a blast of force!
The mystic blast hits the centaur warrior.
The centaur warrior is almost dead.
The centaur warrior is knocked back by the mystic blast.
The centaur warrior wields a +0 orcbow.
The centaur warrior shoots an arrow.
The arrow hits you!
You close the door.
A centaur warrior opens the door.
There is an open door here.
The centaur warrior shoots an arrow.
The arrow hits you!
* * * LOW HITPOINT WARNING * * *
You close the door.
A centaur warrior breaks down the door.
Casting: Iskenderun's Mystic Blast (dangerous; 1% risk of failure)
Confirm with . or Enter, or press ? or * to list all spells.
You erupt in a blast of force!
The mystic blast hits the centaur warrior!
The centaur warrior is almost dead.
The centaur warrior is knocked back by the mystic blast.
The centaur warrior shoots an arrow.
The arrow hits you!!
Ouch! That really hurt!
You die...

################
#<.#.)'..#.†'..#
#..'..#..'..#..+
#.)#####'#####'# ###
#..####..#...#.####??#
#..#__####..##.#~§§§c
#[.#_____##'#_.+§§~§
#⌠⌠#_.∩...'..._#§§c
####_..__##_@#'##§###
#_____###'#)#...[###
############.####'###.##
#∩........'...'c....'(∩#
###++++####...##########
##c## #+#


You could see a centaur warrior.

Vanquished Creatures
  Sonja (D)
  A deep troll (D)
  A yak (D)
  Sigmund (D)
  An ogre (D)
  A jelly (D)
  Ijyb (D)
7 creatures vanquished.

Vanquished Creatures (others)
  16 fulminant prisms (D)
16 creatures vanquished.

Grand Total: 23 creatures vanquished

Notes
Turn   | Place    | Note
-------+----------+-------------------------------------------
     0 | D        | PurpleRed the Deep Elf Conjurer began the quest for the
                  | Orb.
     0 | D        | Reached XP level 1. HP: 10/10 MP: 6/6
     5 | D        | Noticed Ijyb
    23 | D        | Killed Ijyb
    24 | D        | Reached skill level 7 in Conjurations
    24 | D        | Reached XP level 2. HP: 15/15 MP: 5/8
    57 | D        | Learned a level 2 spell: Searing Ray
    66 | D        | Noticed an ogre
    71 | D        | Killed an ogre
    72 | D        | Reached skill level 10 in Conjurations
    72 | D        | Reached XP level 3. HP: 19/19 MP: 1/10
    72 | D        | Reached XP level 4. HP: 24/24 MP: 1/12
    77 | D        | Learned a level 4 spell: Fulminant Prism
    82 | D        | Learned a level 4 spell: Iskenderun's Mystic Blast
   157 | D        | Noticed Sigmund
   168 | D        | Killed Sigmund
   169 | D        | Reached skill level 12 in Conjurations
   169 | D        | Reached XP level 5. HP: 15/28 MP: 5/16
   266 | D        | Found an ornate altar of the Wu Jian Council.
   266 | D        | Found a shimmering blue altar of Sif Muna.
   271 | D        | Reached XP level 6. HP: 32/32 MP: 12/18
   272 | D        | Found a radiant altar of Vehumet.
   278 | D        | Became a worshipper of Sif Muna the Loreminder
   307 | D        | Found Keojaz's Magic Scroll Emporium.
   307 | D        | Found an ancient bone altar of Kikubaaqudgha.
   307 | D        | Found a hazy altar of Hepliaklqana.
   307 | D        | Found a stormy altar of Qazlal.
   307 | D        | Found a hide-covered altar of Uskayaw.
   307 | D        | Found a blossoming altar of Fedhas.
   307 | D        | Found a bloodstained altar of Trog.
   307 | D        | Found an iron altar of Okawaru.
   307 | D        | Found a basalt altar of Yredelemnul.
   307 | D        | Found a glowing golden altar of the Shining One.
   307 | D        | Found a snail-covered altar of Cheibriados.
   307 | D        | Found a sacrificial altar of Ru.
   307 | D        | Found a glowing silver altar of Zin.
   307 | D        | Found a shadowy altar of Dithmenos.
   307 | D        | Found a white marble altar of Elyvilon.
   307 | D        | Noticed a yak
   319 | D        | Killed a yak
   329 | D        | Found an opulent altar of Gozag.
   344 | D        | Found a sparkling altar of Nemelex Xobeh.
   352 | D        | Bought a scroll of butterflies for 48 gold pieces
   395 | D        | Noticed Sonja
   406 | D        | Killed Sonja
   407 | D        | Reached skill level 5 in Fighting
   407 | D        | Reached skill level 14 in Conjurations
   407 | D        | Reached XP level 7. HP: 44/44 MP: 5/24
   519 | D        | Found Devuinor's General Store.
   527 | D        | Bought a scroll of blinking for 97 gold pieces
   547 | D        | Noticed a deep troll
   567 | D        | Killed a deep troll
   567 | D        | Reached * piety under Sif Muna
   568 | D        | Reached skill level 15 in Conjurations
   568 | D        | Reached XP level 8. HP: 23/49 MP: 21/28
   781 | D        | Found Useulet's Armour Emporium.
   786 | D        | Bought a scarf of resistance for 320 gold pieces
   805 | D        | Noticed a centaur warrior
   832 | D        | Shot with an arrow by a centaur warrior

Illustrated notes

Levels and vault maps discovered:
D:        dungeon_sprint_1 [red_sonja_temple_1, red_sonja_temple_small_1]

Skill      XL: |  1  2  3  4  5  6  7 |
---------------+----------------------+-----
Conjurations   | 7 10 12 14 15 | 15.6
Spellcasting   | 4 7 12 14 | 14.0
Translocations | 3 |  3.0
Alchemy        | 3 |  3.0
Fighting       | 5 |  5.0
Dodging        | |  2.4
Stealth        | |  2.4
Unarmed Combat | |  0.3

Action                     |  1- 3 |  4- 6 |  7- 9 || total
---------------------------+-------+-------+-------++-------
  Melee: Unarmed           |     2 |       |       ||     2
   Cast: Magic Dart        |     9 |       |       ||     9
         Searing Ray       |     2 |       |       ||     2
         Fulminant Prism   |       |     9 |     7 ||    16
         Iskenderun's Myst |       |     1 |     7 ||     8
    Use: Potion            |     4 |       |     1 ||     5
 Armour: Robe              |     3 |     2 |     6 ||    11
  Dodge: Dodged            |     3 |       |     1 ||     4
